 Dungeon Crawl Stone Soup version 0.27-a0-202-gdcb3803577 (webtiles) character file.

Game seed: 6976633111901073956

110462 Froggeryz the Brawler (level 16, -6/108 HPs)
             Began as a Gargoyle Monk on Jan 30, 2021.
             Was the Champion of Okawaru.
             Killed from afar by a will-o-the-wisp (19 damage)
             ... with a foxfire
             ... on level 1 of the Swamp.
             The game lasted 00:42:55 (32608 turns).

Froggeryz the Brawler (Gargoyle Monk)              Turns: 32608, Time: 00:42:56

Health: -6/108     AC: 32    Str: 22    XL:     16   Next: 55%
Magic:  17/20      EV: 21    Int: 11    God:    Okawaru [******]
Gold:   2293       SH:  6    Dex: 12    Spells: 15/15 levels left

rFire    . . .     SeeInvis .     - Unarmed
rCold    . . .     Faith    .   c - +0 buckler
rNeg     + . .     Spirit   .   N - +1 chain mail {Will+}
rPois    ∞         Reflect  .   j - +2 helmet
rElec    +         Harm     .   A - +0 cloak
rCorr    .         Rampage  .   V - +0 pair of gloves
Will     ++...                  F - +0 pair of boots
Stlth    ..........             O - amulet of regeneration
HPRegen  0.68/turn              y - +4 ring of evasion
MPRegen  0.17/turn              R - ring of the Hare {EV+8}

@: finesse, flying
A: big wings, negative energy resistance 1, electricity resistance, unbreathing,
petrification resistance, miasma immunity, AC +12
a: Stop Flying, Renounce Religion, Heroism, Finesse


You were on level 1 of the Swamp.
You worshipped Okawaru.
Okawaru was exalted by your worship.
You visited 6 branches of the dungeon, and saw 26 of its levels.
You also visited: Sewer and Ice Cave.

You collected 3325 gold pieces.
You spent 1032 gold pieces at shops.

Inventory:

Missiles
 r - 8 silver javelins (quivered)
 E - 31 javelins
 W - 2 curare-tipped darts
Armour
 c - a +0 buckler (worn)
 g - +0 ice dragon scales
 j - a +2 helmet (worn)
 A - a +0 cloak (worn)
 F - a +0 pair of boots (worn)
 G - a +2 tower shield
 N - a +1 chain mail of willpower (worn)
 V - a +0 pair of gloves (worn)
Jewellery
 d - an uncursed amulet of reflection {unknown}
 y - a +4 ring of evasion (left hand)
 O - an amulet of regeneration (around neck)
 R - the ring of the Hare (right hand) {EV+8}
   (You found it in an ice cave)

   [ring of evasion]

   It affects your evasion (+8).
 T - the ring "Roagaadd" {Fire Int+4}
   (You found it in an ice cave)

   [ring of fire]

   It enhances your fire magic.
   It affects your intelligence (+4).
   It protects you from fire.
   It makes you vulnerable to cold.
 U - an uncursed amulet of faith
Wands
 m - a wand of iceblast (38)
 H - a wand of random effects (9)
 I - a wand of acid (6)
 J - a wand of flame (98)
 Q - a wand of mindburst (34)
 S - a wand of digging (8)
Scrolls
 a - 13 scrolls of remove curse
 f - a scroll of blinking
 k - 4 scrolls of magic mapping
 q - 9 scrolls of teleportation
 s - 3 scrolls of enchant armour
 D - 5 scrolls of immolation
 K - a scroll of silence
 X - 2 scrolls of fog
Potions
 b - 4 potions of haste
 l - 2 potions of might
 v - 2 potions of cancellation
 w - 2 potions of ambrosia
 x - 8 potions of curing
 z - 4 potions of mutation
 P - a potion of magic
 Y - 2 potions of heal wounds
 Z - a potion of berserk rage
Miscellaneous
 h - a condenser vane
 L - a phantom mirror


   Skills:
 - Level 15.0 Fighting
 - Level 10.0 Armour
 - Level 2.4 Dodging
 - Level 2.1 Stealth
 + Level 10.4 Shields
 - Level 20.1 Unarmed Combat
 - Level 6.3 Invocations


You had 15 spell levels left.
You didn't know any spells.
Your spell library contained the following spells:

 Spells                   Type           Power        Failure   Level
 Corona                   Hex            0%           91%         1
 Summon Small Mammal      Summ           0%           91%         1
 Call Imp                 Summ           0%           97%         2
 Ensorcelled Hibernation  Hex/Ice        0%           97%         2
 Call Canine Familiar     Summ           0%           100%        3
 Confusing Touch          Hex            0%           100%        3
 Dazzling Flash           Conj/Hex       0%           100%        3
 Summon Guardian Golem    Hex/Summ       0%           100%        3
 Tukima's Dance           Hex            0%           100%        3
 Summon Ice Beast         Ice/Summ       0%           100%        4
 Summon Lightning Spire   Summ/Air       0%           100%        4


Dungeon Overview and Level Annotations

Branches:
Dungeon (15/15)            Temple (1/1) D:4            Lair (6/6) D:10
  Swamp (1/4) Lair:2       Spider (1/4) Lair:3        Slime (0/5) Lair:5
    Orc (2/2) D:12            Elf (0/3) Orc:2        Vaults (0/5) D:13
 Depths (0/5) D:15          Sewer (visited)           IceCv (visited)

Altars:
Ashenzari
Cheibriados
Dithmenos
Elyvilon
Fedhas
Gozag
Hepliaklqana
Kikubaaqudgha
Makhleb
Nemelex Xobeh
Okawaru
Qazlal
Ru
Sif Muna
Uskayaw
Vehumet
Wu Jian
Xom
Yredelemnul
Zin
The Shining One
Beogh
Jiyva

Shops:
D:5 *   D:9 *   D:15 ?   Orc:2 }=(

Annotations:
D:15 3 runed translucent doors, Wuamapek's ghost, journeyman DgFi
Lair:5 1 runed translucent door


Innate Abilities, Weirdness & Mutations

You are resistant to torment.
Your stone body is resilient. (AC +12)
You are immune to poison.
Your large and strong wings let you fly indefinitely.
You resist negative energy. (rN+)
You are resistant to electric shocks. (rElec)
You can survive without breathing.
You are immune to petrification.
You are immune to miasma.


Message History

Things that are here:
a hydra corpse; a hydra corpse A will-o-the-wisp comes into view.
The will-o-the-wisp gives a chilling moan.
The will-o-the-wisp gestures.
The will-o-the-wisp conjures some foxfire! 2 foxfires come into view.
The foxfire hits you!
* * * LOW HITPOINT WARNING * * *
The will-o-the-wisp gestures.
The will-o-the-wisp conjures some foxfire!
The foxfire hits you but does no damage. 2 foxfires come into view.
As you read the scroll of fear, it crumbles to dust.
You assume a fearsome visage.
The foxfire is unaffected. x2
The four-headed hydra looks frightened!
The seven-headed hydra looks frightened!
The six-headed hydra looks frightened!
The will-o-the-wisp is unaffected.
The foxfire hits you!!
You die...

.≈#≈.D♣♣ ♣.....≈♣≈≈♣♣ ≈
..#≈≈≈§♣♣♣≈.§≈≈♣♣≈≈≈♣♣ ≈.♣#
♣≈#.♣≈≈♣♣≈..≈.♣♣≈≈≈≈≈♣
≈.D.≈♣≈#†♣≈≈♣≈≈≈.≈..≈≈≈≈≈♣
...♣≈≈≈#≈≈.♣..♣♣♣≈♣♣♣≈≈≈≈♣
.D≈≈≈≈..≈≈...D..♣♣♣ ♣♣≈≈≈♣
.≈≈♣..≈.≈≈.§§§≈..♣♣♣♣♣♣≈♣♣♣
≈≈ ♣.≈≈♣≈≈.†v≈§D≈♣♣..^♣...♣
#####≈♣.≈§§vv@≈≈≈§≈..≈♣♣
.≈≈...D..♣.≈≈≈≈≈..≈.♣
.♣...≈≈.≈♣♣.§≈≈≈...<♣♣
≈≈≈.≈.§≈.....§≈≈.....≈♣
≈≈≈≈≈§≈..≈♣......≈§≈≈§.
≈≈≈≈≈≈..♣♣≈......≈≈≈≈≈.≈.
≈≈.♣≈ ♣...♣..≈≈≈≈≈.≈≈.≈
♣♣♣♣≈..≈≈≈..≈.≈..
≈≈§..≈≈....≈§≈.


You could see a seven-headed hydra (fleeing), a six-headed hydra (fleeing), a
four-headed hydra (fleeing) and a will-o-the-wisp.

Vanquished Creatures
  The ghost of Univ the Warrior, a journeyman MiBe of Trog (Lair:6)
  A minotaur (Lair:2)
  The ghost of confidenceinterval the Fighter, a journeyman GnWn of Cheibriados (Lair:2)
  A vault guard (D:13)
  18 hydras
  2 ice dragons (IceCv)
  Harold (D:10)
  2 boulder beetles
  A centaur warrior (D:15)
  2 catoblepae
  A queen ant (Lair:3)
  6 two-headed ogres
  Erica (D:9)
  A death yak (Lair:1)
  2 tengu warriors
  7 orc high priests (Orc:2)
  Nergalle (Lair:2)
  13 skeletal warriors
  3 unseen horrors
  A glowing orange brain (D:15)
  A wizard (D:13)
  A lindwurm (Lair:4)
  2 harpies (shapeshifter) (D:15)
  4 deep elf pyromancers
  An orc sorcerer (Orc:2)
  3 ugly things
  A manticore (D:11)
  9 elephants
  6 cyclopes
  A manticore (shapeshifter) (D:15)
  3 black mambas
  A centaur zombie (D:14)
  2 ice statues (IceCv)
  A torpor snail (Lair:1)
  Joseph (D:14)
  2 gargoyles (D:13)
  6 centaur skeletons
  6 rime drakes
  A yaktaur (D:13)
  A kobold demonologist (D:12)
  13 cane toads
  5 komodo dragons
  A tengu conjurer (D:13)
  A queen bee (shapeshifter) (D:15)
  A jumping spider (Lair:3)
  10 polar bears
  A wolf spider simulacrum (D:14)
  6 trolls
  8 hornets
  2 tyrant leeches (Swamp:1)
  8 dream sheep
  25 blink frogs
  13 slime creatures
  4 shadows
  A vampire (D:13)
  2 redbacks (Lair:3)
  15 spriggans
  A wraith (D:14)
  39 yaks
  7 wyverns
  5 basilisks
  Grum (D:10)
  A swamp worm (Swamp:1)
  6 wargs
  6 soldier ants
  An acid dragon (D:13)
  12 water moccasins
  16 orc warriors
  6 sky beasts
  A swamp drake (D:12)
  16 ice beasts
  8 black bears
  A necrophage (D:12)
  2 phantoms
  3 ogres
  3 boggarts (Lair:6)
  46 wolves
  8 centaurs
  2 big kobolds
  A big kobold (shapeshifter) (D:15)
  18 bullfrogs
  A wyvern skeleton (D:12)
  6 scorpions
  15 killer bees
  3 wights (D:15)
  A howler monkey (D:4)
  A bullfrog zombie (D:12)
  2 quasits
  4 hounds
  2 jellies
  34 orc priests
  Crazy Yiuf (D:5)
  5 bullfrog skeletons
  6 iguanas
  23 orc wizards
  28 worker ants
  3 hell rats (Lair:2)
  2 worker ant zombies
  A gnoll (D:1)
  17 adders
  6 river rats (Lair:2)
  3 shadow imps
  3 white imps
  2 ufetubi
  4 oozes
  An adder zombie (D:9)
  An adder skeleton (D:4)
  6 worms
  5 dart slugs
  6 leopard geckos
  99 orcs
  9 ball pythons
  4 bat zombies (D:9)
  7 giant cockroaches
  8 hobgoblins
  23 jackals
  5 quokkas
  7 bats
  6 frilled lizards
  5 goblins (D:3)
  A jackal skeleton (D:4)
  22 kobolds
  2 leopard gecko skeletons
  A quokka skeleton (D:5)
  12 rats
848 creatures vanquished.

Vanquished Creatures (others)
  A sky beast (D:14)
  2 foxfires (Swamp:1)
  44 fungi
  58 plants
105 creatures vanquished.

Grand Total: 953 creatures vanquished

Notes
Turn   | Place    | Note
-------+----------+-------------------------------------------
     0 | D:1      | Froggeryz the Gargoyle Monk began the quest for the Orb.
     0 | D:1      | Reached XP level 1. HP: 14/14 MP: 1/1
    93 | D:1      | Reached XP level 2. HP: 13/19 MP: 2/2
   395 | D:1      | Reached skill level 4 in Unarmed Combat
   395 | D:1      | Reached XP level 3. HP: 5/23 MP: 3/3
  1637 | D:2      | Reached XP level 4. HP: 26/28 MP: 4/4
  1727 | D:2      | Found a sparkling altar of Nemelex Xobeh.
  2077 | D:2      | Reached skill level 5 in Unarmed Combat
  2229 | D:2      | Found a sparkling altar of Nemelex Xobeh.
  2424 | D:3      | Reached XP level 5. HP: 31/32 MP: 5/5
  3035 | D:3      | Reached skill level 1 in Armour
  3205 | D:3      | Reached skill level 6 in Unarmed Combat
  3516 | D:4      | Noticed an ogre
  3518 | D:4      | Reached XP level 6. HP: 34/37 MP: 4/6
  3649 | D:4      | Found a staircase to the Ecumenical Temple.
  3652 | D:4      | Found a blossoming altar of Fedhas.
  3661 | Temple   | Entered the Ecumenical Temple
  3703 | Temple   | Became a worshipper of Warmaster Okawaru
  3703 | Temple   | Reached * piety under Okawaru
  3703 | Temple   | Reached ** piety under Okawaru
  4015 | D:4      | Reached skill level 7 in Unarmed Combat
  4020 | D:4      | Found a glowing drain.
  4029 | Sewer    | Entered a sewer
  4093 | Sewer    | Reached XP level 7. HP: 41/41 MP: 7/7
  5100 | D:4      | Found a blossoming altar of Fedhas.
  5139 | D:5      | Entered Level 5 of the Dungeon
  5473 | D:5      | Reached skill level 8 in Unarmed Combat
  5681 | D:5      | Found Zaezifibb's General Store.
  5684 | D:5      | Bought a scroll of teleportation for 36 gold pieces
  5684 | D:5      | Bought a potion of mutation for 96 gold pieces
  5684 | D:5      | Bought a scroll of teleportation for 36 gold pieces
  5766 | D:5      | Reached XP level 8. HP: 7/47 MP: 1/8
  6392 | D:5      | Found a runed translucent door.
  6393 | D:5      | Noticed Crazy Yiuf
  6410 | D:5      | Killed Crazy Yiuf
  6415 | D:5      | Got a jewelled mace
  6416 | D:5      | Identified the +5 mace of Earthquakes {vamp, rElec Stlth+}
                  | (You found it on level 5 of the Dungeon)
  6719 | D:6      | Reached skill level 9 in Unarmed Combat
  6727 | D:6      | HP: 1/48 [orc warrior/cursed -2 scimitar (12)]
  6997 | D:6      | Found a stormy altar of Qazlal.
  7013 | D:6      | Reached *** piety under Okawaru
  7256 | D:6      | Reached skill level 5 in Fighting
  7442 | D:6      | Found a sacrificial altar of Ru.
  7569 | D:6      | Found a shimmering altar of Xom.
  7670 | D:6      | Reached skill level 10 in Unarmed Combat
  7670 | D:6      | Reached XP level 9. HP: 46/55 MP: 7/9
  8533 | D:7      | Reached **** piety under Okawaru
  8809 | D:8      | Found a glowing golden altar of the Shining One.
  9417 | D:8      | Reached skill level 11 in Unarmed Combat
  9523 | D:8      | Noticed a hornet
  9539 | D:8      | Killed a hornet
 10071 | D:9      | Reached skill level 1 in Shields
 10284 | D:9      | Noticed Erica
 10297 | D:9      | Killed Erica
 10297 | D:9      | Reached ***** piety under Okawaru
 10298 | D:9      | Reached skill level 12 in Unarmed Combat
 10298 | D:9      | Reached XP level 10. HP: 45/63 MP: 6/10
 10414 | D:9      | Noticed a two-headed ogre
 10418 | D:9      | Noticed a green ugly thing
 10745 | D:9      | Found Sudghit's Assorted Antiques.
 10756 | D:9      | Bought a scroll labelled PIEFEL JI GEBU for 30 gold pieces
 10756 | D:9      | Bought 2 black potions for 54 gold pieces
 10756 | D:9      | Bought a black potion for 27 gold pieces
 10756 | D:9      | Bought a scroll labelled RUNI BYOSICZURPH for 30 gold
                  | pieces
 10756 | D:9      | Bought a scroll labelled DUPLIOSM ZUSI for 30 gold pieces
 10797 | D:9      | Found an ancient bone altar of Kikubaaqudgha.
 10835 | D:9      | Received a gift from Okawaru
 11015 | D:9      | Killed a two-headed ogre
 11015 | D:9      | Received a gift from Okawaru
 11016 | D:9      | Reached skill level 5 in Shields
 11016 | D:9      | Reached skill level 13 in Unarmed Combat
 11016 | D:9      | Reached skill level 1 in Invocations
 11200 | D:9      | Found an ornate altar of the Wu Jian Council.
 11295 | D:9      | Killed a white ugly thing
 11525 | D:10     | Entered Level 10 of the Dungeon
 11656 | D:10     | Reached XP level 11. HP: 60/67 MP: 10/13
 11951 | D:10     | Found a glowing golden altar of the Shining One.
 12082 | D:10     | Found a staircase to the Lair.
 12113 | D:10     | Noticed Harold
 12253 | D:10     | Killed Harold
 12448 | Lair:1   | Entered Level 1 of the Lair of Beasts
 12448 | Lair:1   | Noticed Grum
 12467 | D:10     | Reached skill level 14 in Unarmed Combat
 12577 | D:10     | Killed Grum
 12611 | D:10     | Reached skill level 5 in Invocations
 14411 | Lair:2   | Noticed a catoblepas
 14471 | Lair:2   | Noticed a death yak
 14474 | Lair:2   | Received a gift from Okawaru
 14488 | Lair:1   | Killed a catoblepas
 14489 | Lair:1   | Reached skill level 15 in Unarmed Combat
 14489 | Lair:1   | Reached XP level 12. HP: 25/73 MP: 2/16
 14770 | Lair:1   | Killed a death yak
 15323 | Lair:2   | Noticed Nergalle
 15337 | Lair:2   | Killed Nergalle
 15344 | Lair:2   | Found a runed translucent gate.
 15345 | Lair:2   | Found a runed translucent gate.
 15346 | Lair:2   | Found a runed translucent gate.
 15349 | Lair:2   | Noticed a minotaur
 15363 | Lair:2   | Noticed confidenceinterval's ghost (journeyman GnWn)
 16033 | Lair:2   | Found a staircase to the Swamp.
 16595 | Lair:3   | Reached skill level 16 in Unarmed Combat
 16902 | Lair:3   | Noticed a queen ant
 16931 | Lair:3   | Killed a queen ant
 17169 | Lair:3   | Found a hole to the Spider Nest.
 17178 | Lair:3   | Reached ****** piety under Okawaru
 17767 | Lair:4   | Reached skill level 10 in Fighting
 17778 | Lair:4   | Received a gift from Okawaru
 17779 | Lair:4   | Reached XP level 13. HP: 35/82 MP: 6/17
 18084 | Lair:4   | Reached skill level 17 in Unarmed Combat
 18770 | Spider:1 | Entered Level 1 of the Spider Nest
 20059 | Lair:5   | Received a gift from Okawaru
 20443 | Lair:5   | Found a runed translucent door.
 20443 | Lair:5   | Found a viscous altar of Jiyva.
 20444 | Lair:5   | Found a staircase to the Slime Pits.
 20444 | Lair:5   | Noticed an acid blob
 20444 | Lair:5   | Noticed an acid blob
 20444 | Lair:5   | Noticed an acid blob
 20511 | Lair:5   | Reached skill level 18 in Unarmed Combat
 20763 | Lair:6   | Entered Level 6 of the Lair of Beasts
 21676 | Lair:6   | Received a gift from Okawaru
 21677 | Lair:6   | Gained mutation: Your large and strong wings let you fly
                  | indefinitely. [Gargoyle growth]
 21677 | Lair:6   | Reached XP level 14. HP: 71/91 MP: 11/18
 22756 | Lair:6   | Received a gift from Okawaru
 22867 | Lair:6   | HP: 3/92 [spriggan/+0 short sword (3)]
 22888 | Lair:6   | Reached skill level 19 in Unarmed Combat
 23667 | Lair:6   | Found a runed translucent door.
 23668 | Lair:6   | Noticed Univ's ghost (journeyman MiBe)
 23912 | Lair:6   | Killed Univ's ghost
 24100 | Lair:2   | Killed confidenceinterval's ghost
 24480 | D:11     | Found a stormy altar of Qazlal.
 24781 | D:11     | Found a frozen archway.
 24788 | IceCv    | Entered an ice cave
 25022 | IceCv    | Received a gift from Okawaru
 25214 | IceCv    | Reached skill level 5 in Armour
 25420 | IceCv    | Found the ring of the Hare {EV+8}
 25517 | IceCv    | Got a slimy steel ring
 25527 | IceCv    | Identified the ring "Roagaadd" {Fire Int+4} (You found it
                  | in an ice cave)
 25937 | D:12     | Received a gift from Okawaru
 26063 | D:12     | Reached XP level 15. HP: 99/99 MP: 19/19
 26505 | D:12     | Found a staircase to the Orcish Mines.
 27320 | D:13     | Reached skill level 20 in Unarmed Combat
 27349 | D:13     | Received a gift from Okawaru
 27741 | D:13     | Found a gate to the Vaults.
 27962 | D:14     | Noticed Joseph
 27984 | D:14     | You fall into a shaft and drop 1 floor!
 27984 | D:15     | Entered Level 15 of the Dungeon
 27993 | D:15     | Received a gift from Okawaru
 28144 | D:15     | Found Feegea's Magic Scroll Emporium.
 28229 | D:15     | Bought a scroll of magic mapping for 49 gold pieces
 28229 | D:15     | Bought a scroll of teleportation for 42 gold pieces
 28229 | D:15     | Bought a scroll of teleportation for 42 gold pieces
 28888 | D:15     | Found a runed translucent gate.
 28889 | D:15     | Found a runed translucent gate.
 28889 | D:15     | Found a runed translucent gate.
 28889 | D:15     | Noticed Wuamapek's ghost (journeyman DgFi)
 29003 | D:15     | Received a gift from Okawaru
 29200 | D:15     | Reached XP level 16. HP: 107/107 MP: 20/20
 29204 | D:15     | Found a staircase to the Depths.
 29272 | D:14     | Reached skill level 15 in Fighting
 29432 | D:14     | Killed Joseph
 29483 | D:14     | Reached skill level 10 in Armour
 30168 | D:14     | Received a gift from Okawaru
 30480 | Orc:1    | Entered Level 1 of the Orcish Mines
 30696 | Orc:2    | Entered Level 2 of the Orcish Mines
 30835 | Orc:2    | Found a staircase to the Elven Halls.
 31162 | Orc:2    | Found a roughly hewn altar of Beogh.
 31176 | Orc:2    | Found Feryesog's Weapon Shop.
 31176 | Orc:2    | Found Gosep's Jewellery Emporium.
 32161 | Orc:2    | Found Ciomp's Gadget Emporium.
 32161 | Orc:2    | Found Hanam's Weapon Shop.
 32166 | Orc:2    | Bought a condenser vane for 560 gold pieces
 32478 | Swamp:1  | Entered Level 1 of the Swamp
 32578 | Swamp:1  | Reached skill level 10 in Shields
 32608 | Swamp:1  | Killed from afar by a will-o-the-wisp

Illustrated notes

Levels and vault maps discovered:
D:1:      lemuel_arrival_funnel, layout_loops_corners, solitary_fountain,
          minmay_tall_x
D:2:      layout_basic, nemelex_altar_shiori, nemelex_spade_bored_becter
D:3:      layout_loops_corners, chequers_mini_garden, minivault_11
D:4:      layout_rooms, fedhas_altar_3, minmay_temple_entry_tees,
          cheibrodos_sewer_entry_drain, minmay_tree_intersection,
          grunt_ministairs_13, minmay_misc_feat_x, kennysheep_flooded_box
D:5:      layout_basic, serial_shops, kennysheep_mini, kennysheep_pointless_box,
          uniq_crazy_yiuf_cottage
D:6:      layout_loops_ring, marbit_many_paths, overflow_temple_1_default,
          nicolae_ru_the_path_less_chosen
D:7:      layout_basic
D:8:      layout_gridville, lemuel_crystal_altar
D:9:      layout_basic, pdpol_wu_jian_five_deadly_venoms,
          lemuel_zombie_altar_kikubaaqudgha, serial_shops, shop, uniq_erica
D:10:     layout_rooms, grunt_lair_entry_orc_guard_hut, tso_metal_star,
          uniq_harold
D:11:     layout_roguey, basic_altar, portal_ice_cave_entry_pillars_2
D:12:     layout_loops_ring, erik_orc_1, minivault_22, fungi_pond_lemuel
D:13:     layout_rooms, david_vaults_5
D:14:     layout_roguey, grunt_decor_fettered, minmay_sticks_and_stones
D:15:     gammafunk_enter_depths_forms, layout_loops_ring, serial_shops,
          nicolae_shop_waterfront, hangedman_decor_diamond_cutter,
          ebering_ghost_rock_garden
Temple:   eino_temple_water
Lair:1:   layout_concentric_octagons, uniq_grum
Lair:2:   layout_hall_layers, swamp_mist, maelrawn_ghost_gauntlet_escape,
          columned_hall_lemuel, minivault_19, kennysheep_abandoned_house,
          uniq_nergalle
Lair:3:   layout_loops_ring, spider_nest_entry_a, minmay_another_anthill,
          lemuel_fruit_tree
Lair:4:   layout_gridlike
Lair:5:   layout_concentric_octagons, slime_altar_2
Lair:6:   minmay_lair_end_enchanted_forest, layout_big_grid,
          gammafunk_ghost_grave, cheibrodos_lair_lostbears, grunt_megastairs_2,
          lemuel_fruit_fields, lemuel_fruit_fields
Swamp:1:  layout_basic_swamp, evilmike_swamp_ruin_house_6, swamp_pool4,
          nicolae_swamp_fairy_circle, st_swamp_ruins_4,
          infiniplex_staircase_pool, uniq_josephine
Spider:1: layout_chambers, uniq_roxanne
Orc:1:    layout_caves
Orc:2:    st_orc_town, layout_diamond_mine

Skill      XL: |  1  2  3  4  5  6  7  8  9 10 11 12 13 14 15 16 |
---------------+-------------------------------------------------+-----
Unarmed Combat | 4 5 6 7 8 10 12 13 15 16 18 19 20 | 20.1
Armour         | 1 2 4 5 9 10 | 10.0
Fighting       | 5 7 10 11 13 14 15 | 15.0
Shields        | 3 5 10 | 10.4
Invocations    | 3 6 |  6.3
Dodging        | |  2.4
Stealth        | |  2.1

Action                   |  1- 3 |  4- 6 |  7- 9 | 10-12 | 13-15 | 16-18 || total
-------------------------+-------+-------+-------+-------+-------+-------++-------
Melee: Unarmed           |    85 |       |   374 |   702 |  1536 |   489 ||  3186
       Punch             |     2 |     9 |    25 |    43 |    51 |       ||   130
       Whip              |    14 |   243 |   189 |       |       |       ||   446
       Mace              |       |       |    20 |       |       |       ||    20
Throw: Dart              |       |       |     2 |       |       |       ||     2
Invok: Heroism           |       |       |     1 |     3 |       |       ||     4
       Finesse           |       |       |       |       |       |     1 ||     1
 Abil: Fly               |       |       |       |       |       |     1 ||     1
Evoke: Wand              |       |       |     3 |    15 |     4 |     2 ||    24
  Use: Potion            |       |       |     3 |     3 |     2 |       ||     8
       Scroll            |       |       |       |    14 |     8 |     8 ||    30
 Stab: Sleeping          |     1 |     1 |       |       |       |       ||     2
Armor: Robe              |    29 |     3 |       |       |       |       ||    32
       Ring mail         |       |    22 |       |       |       |       ||    22
       Scale mail        |       |   110 |   296 |   410 |       |       ||   816
       Chain mail        |       |       |       |    12 |   985 |   174 ||  1171
Dodge: Dodged            |    60 |   153 |   250 |   309 |   834 |   300 ||  1906
Block: Buckler           |       |       |       |       |   163 |   117 ||   280

Table legend: (Time is in decaauts)
 A = Elapsed time spent in this place.
 B = Non-inter-level travel time spent in this place.
 C = Inter-level travel time spent in this place.
 D = Time resting spent in this place.
 E = Time spent auto-exploring this place.
 F = Levels seen in this place.
 G = Mean time per level.
                   A        B        C        D        E       F      G
               +--------+--------+--------+--------+--------+-----+--------+
         Total |  31848 |  30089 |   1759 |   6279 |  17913 |  28 | 1137.4 |
       Dungeon |  17184 |  16071 |   1113 |   1972 |  10722 |  15 | 1145.6 |
        Temple |     52 |     43 |      9 |      0 |      0 |   1 |   52.0 |
          Lair |  11251 |  10713 |    538 |   3649 |   5460 |   6 | 1875.2 |
         Swamp |    111 |    111 |      0 |      0 |     62 |   1 |  111.0 |
   Spider Nest |      1 |      1 |      0 |      0 |      0 |   1 |    1.0 |
  Orcish Mines |   1747 |   1649 |     98 |    335 |    949 |   2 |  873.5 |
         Sewer |    723 |    723 |      0 |      0 |    551 |   1 |  723.0 |
      Ice Cave |    777 |    777 |      0 |    323 |    168 |   1 |  777.0 |
               +--------+--------+--------+--------+--------+-----+--------+

Top non-repeatable levels by time:
  Lair:5: 2412 daAuts
  Lair:1: 2388 daAuts
  Lair:3: 2026 daAuts
  Lair:6: 1884 daAuts
  Lair:2: 1646 daAuts
     D:1: 1527 daAuts
     D:9: 1412 daAuts
     D:4: 1351 daAuts
     D:5: 1285 daAuts
    D:12: 1251 daAuts
    D:10: 1231 daAuts
    D:15: 1216 daAuts
     D:3: 1147 daAuts
     D:7: 1128 daAuts
     D:8: 1106 daAuts
